[Event "42nd Olympiad Baku 2016 Women"]
[Site "Baku"]
[Date "2016.09.06"]
[Round "5.10"]
[White "Arbona Avila, Zaily M"]
[Black "Silva, Mariana Sofia T"]
[Result "0-1"]
[ECO "B34"]
[WhiteElo "1535"]
[BlackElo "1789"]
[Annotator ""]
[PlyCount "52"]
[EventDate "2016.??.??"]
[EventType "team-tourn"]
[EventCountry "AZE"]
[SourceTitle "playchess.com"]
[Source "ChessBase"]
[WhiteTeam "ARU"]
[BlackTeam "Portugal"]
[BlackTeamCountry "POR"]
[TimeControl "40/5400+30:1800+30"]

1. e4 {(00:00)} c5 {(00:00)} 2. Nf3 {(00:00)} Nc6 {
(00:00)} 3. d4 {(00:02)} cxd4 {(00:00)} 4. Nxd4 {(
00:09)} g6 {(00:00)} 5. Nc3 {(00:53)} Bg7 {(00:05)} 6. Be3
{(01:11)} Nf6 {(00:08)} 7. Be2 {(00:59)} O-O {(00:
23)} 8. Qd2 {(02:02)} d6 {(09:51)} 9. f3 {(01:24)} Bd7 {
(02:31)} 10. O-O-O {(01:29)} a6 {(02:18)} 11. Rdg1 {
(12:44)} Rc8 {(05:55)} 12. h4 {(02:31)} h5 {(13:04]
} 13. g4 {(02:02)} Ne5 {(08:46)} 14. Bh6 {(13:08)} Nc4 {
(12:57)} 15. Bxc4 {(00:51)} Rxc4 {(00:01)} 16. Bxg7 {
(00:28)} Kxg7 {(00:07)} 17. gxh5 {(10:00)} Nxh5 {(
03:43)} 18. Nf5+ {(05:05)} Bxf5 {(11:18)} 19. exf5 {(00:
24)} Qe8 {(09:43)} 20. Qg5 {(10:30)} Kh7 {(05:39)} 21. Nd5
{(05:33)} Rg8 {(05:21)} 22. Nxe7 {(05:39)} Rg7 {(
03:40)} 23. f6 {(11:49)} Rc5 {(00:41)} 24. Qxc5 {(10:28)}
dxc5 {(00:14)} 25. Nf5 {(01:34)} Rg8 {(01:16)} 26. Re1 {
(00:29)} gxf5 {(01:58)} 0-1

[Event "42nd Olympiad Baku 2016 Women"]
[Site "Baku"]
[Date "2016.09.06"]
[Round "5.24"]
[White "Ashley, Christiana Naa Merl"]
[Black "Jambo, Linda"]
[Result "0-1"]
[ECO "C47"]
[WhiteElo "1390"]
[BlackElo "1561"]
[Annotator ""]
[PlyCount "106"]
[EventDate "2016.??.??"]
[EventType "team-tourn"]
[EventCountry "AZE"]
[SourceTitle "playchess.com"]
[Source "ChessBase"]
[WhiteTeam "Ghana"]
[BlackTeam "MAW"]
[WhiteTeamCountry "GHA"]
[TimeControl "40/5400+30:1800+30"]

1. e4 {(00:00)} e5 {(00:00)} 2. Nf3 {(00:00)} Nc6 {
(00:22)} 3. Bc4 {(00:00)} Nf6 {(02:03)} 4. Nc3 {(
00:45)} h6 {(00:50)} 5. d4 {(00:57)} exd4 {(02:16)} 6.
Nxd4 {(00:10)} Bb4 {(02:25)} 7. Nde2 {(02:30)} Nxe4 {
(02:42)} 8. Qd5 {(00:12)} Nd6 {(20:42)} 9. Bf4 {(
00:52)} Nxc4 {(07:15)} 10. Qe4+ {(01:09)} N4e5 {(05:57)}
11. Bxe5 {(00:36)} O-O {(02:37)} 12. O-O-O {(07:27)} Re8 {
(01:52)} 13. Rd5 {(00:37)} d6 {(22:30)} 14. a3 {(
01:12)} Bxc3 {(06:23)} 15. Nxc3 {(00:59)} Rxe5 {(00:58)}
16. Rxe5 {(03:35)} Nxe5 {(00:22)} 17. Re1 {(00:41)} c6 {
(01:45)} 18. f4 {(00:38)} f5 {(04:04)} 19. Qe2 {(
02:16)} Nf7 {(01:44)} 20. Qe8+ {(01:14)} Qxe8 {(00:20)}
21. Rxe8+ {(00:09)} Kh7 {(00:11)} 22. Re7 {(02:02)} Nh8 {
(00:53)} 23. Ne2 {(00:02)} Ng6 {(00:24)} 24. Re8 {(
00:40)} b5 {(01:43)} 25. g3 {(00:18)} Bb7 {(01:24)} 26.
Re6 {(00:42)} Rd8 {(03:48)} 27. Nd4 {(00:07)} Bc8 {
(00:24)} 28. Re1 {(00:29)} Bd7 {(00:48)} 29. h4 {(
00:19)} c5 {(00:21)} 30. Nf3 {(01:55)} Re8 {(00:34)} 31.
Rd1 {(00:17)} Re3 {(00:43)} 32. Rf1 {(01:58)} Bc6 {
(00:16)} 33. Kd2 {(00:29)} Rxf3 {(00:12)} 34. Rxf3 {
(00:33)} Bxf3 {(00:01)} 35. Ke3 {(00:35)} Be4 {(00:
37)} 36. c3 {(00:25)} Bh1 {(00:41)} 37. b4 {(01:11)} Ne7 {
(00:19)} 38. bxc5 {(00:56)} dxc5 {(00:03)} 39. Kd2 {
(00:41)} a5 {(00:28)} 40. Kd3 {(00:00)} Be4+ {(00:
00)} 41. Kd2 {(01:21)} Nd5 {(01:02)} 42. h5 {(00:37)} Bf3
{(03:23)} 43. Kd3 {(00:06)} Bxh5 {(00:20)} 44. c4 {
(00:04)} Nc7 {(02:25)} 45. Kc3 {(00:36)} b4+ {(00:
42)} 46. axb4 {(00:11)} axb4+ {(00:08)} 47. Kb3 {(00:22)}
Be2 {(00:17)} 48. Ka4 {(01:10)} Bxc4 {(00:18)} 49. Ka5 {
(00:28)} b3 {(00:42)} 50. Kb6 {(00:21)} Ne6 {(00:
13)} 51. Kc6 {(00:18)} b2 {(00:07)} 52. Kd6 {(00:03)} b1=Q
{(01:12)} 53. Ke5 {(00:10)} Qb8+ {(00:24] Kd4} 0-1

[Event "42nd Olympiad Baku 2016 Women"]
[Site "Baku"]
[Date "2016.09.06"]
[Round "5.7"]
[White "Atabayeva, Gozel"]
[Black "Exler, Veronika"]
[Result "1/2-1/2"]
[ECO "C44"]
[WhiteElo "2021"]
[BlackElo "2220"]
[Annotator ""]
[PlyCount "77"]
[EventDate "2016.??.??"]
[EventType "team-tourn"]
[EventCountry "AZE"]
[SourceTitle "playchess.com"]
[Source "ChessBase"]
[WhiteTeam "Turkmenistan"]
[BlackTeam "Austria"]
[WhiteTeamCountry "TKM"]
[BlackTeamCountry "AUT"]
[TimeControl "40/5400+30:1800+30"]

1. e4 {(00:00)} e5 {(00:00)} 2. Nf3 {(00:15)} Nc6 {
(00:00)} 3. d4 {(00:13)} exd4 {(00:00)} 4. Nxd4 {(
00:04)} Nf6 {(00:00)} 5. Nxc6 {(00:33)} bxc6 {(00:01)} 6.
Bd3 {(00:10)} d5 {(00:14)} 7. exd5 {(00:18)} cxd5 {
(00:05)} 8. O-O {(01:38)} Be7 {(00:36)} 9. Re1 {(
01:46)} O-O {(00:34)} 10. c3 {(00:45)} Be6 {(16:29)} 11.
Qc2 {(01:07)} h6 {(05:19)} 12. Nd2 {(00:30)} c5 {(
02:00)} 13. Nf3 {(02:43)} Qc7 {(00:31)} 14. Bf5 {(02:23)}
Bxf5 {(04:18)} 15. Qxf5 {(00:10)} Rfe8 {(00:27)} 16. Bf4 {
(00:57)} Qc8 {(02:19)} 17. Nh4 {(04:55)} Qxf5 {(15:
46)} 18. Nxf5 {(00:09)} Bf8 {(00:03)} 19. f3 {(05:28)} Re6
{(01:50)} 20. g4 {(05:37)} Rae8 {(03:24)} 21. Kf2 {
(00:48)} Kh7 {(15:42)} 22. h4 {(06:58)} g6 {(03:45]
} 23. Ng3 {(03:34)} Nd7 {(13:27)} 24. Rad1 {(02:50)} Nb6 {
(00:37)} 25. Re2 {(01:51)} Bg7 {(02:22)} 26. h5 {(
04:41)} d4 {(09:05)} 27. hxg6+ {(00:22)} fxg6 {(00:01)}
28. Rxe6 {(01:15)} Rxe6 {(00:01)} 29. Ne4 {(00:18)} Na4 {
(01:43)} 30. Rh1 {(01:33)} Rc6 {(01:10)} 31. Bxh6 {
(01:46)} Bxh6 {(00:03)} 32. g5 {(00:14)} Nxb2 {(00:
55)} 33. gxh6 {(02:10)} dxc3 {(01:36)} 34. Ng5+ {(01:14)}
Kh8 {(00:01)} 35. Nf7+ {(01:23)} Kh7 {(00:03)} 36. Ng5+ {
(00:13)} Kh8 {(00:01)} 37. Nf7+ {(01:17)} Kh7 {(00:
01)} 38. Ng5+ {(00:08)} Kh8 {(00:05)} 39. Nf7+ 1/2-1/2

[Event "42nd Olympiad Baku 2016 Women"]
[Site "Baku"]
[Date "2016.09.06"]
[Round "5.9"]
[White "Atalik, Ekaterina"]
[Black "Worek, Joanna"]
[Result "1/2-1/2"]
[ECO "E10"]
[WhiteElo "2422"]
[BlackElo "2360"]
[Annotator ""]
[PlyCount "100"]
[EventDate "2016.??.??"]
[EventType "team-tourn"]
[EventCountry "AZE"]
[SourceTitle "playchess.com"]
[Source "ChessBase"]
[WhiteTeam "Turkey"]
[BlackTeam "Czech Republic"]
[WhiteTeamCountry "TUR"]
[BlackTeamCountry "CZE"]
[TimeControl "40/5400+30:1800+30"]

1. d4 {(00:00)} Nf6 {(00:00)} 2. c4 {(00:00)} e6 {(
00:00)} 3. Nf3 {(00:08)} c5 {(00:04)} 4. e3 {(02:02)} cxd4
{(01:52)} 5. exd4 {(00:25)} d6 {(00:45)} 6. Nc3 {(
00:42)} Be7 {(00:37)} 7. Bd3 {(01:19)} O-O {(01:37)} 8.
O-O {(00:06)} b6 {(04:45)} 9. b3 {(01:59)} Bb7 {(
00:44)} 10. Bb2 {(00:32)} Nbd7 {(01:08)} 11. Qe2 {(02:49)}
Re8 {(02:43)} 12. Rad1 {(06:29)} Bf8 {(00:30)} 13. Bb1 {
(07:16)} a6 {(01:18)} 14. Rfe1 {(04:44)} Rc8 {(01:
20)} 15. Ne5 {(02:47)} Qc7 {(10:20)} 16. Na4 {(11:22)} Nb8
{(04:35)} 17. Ng4 {(04:48)} Nbd7 {(04:55)} 18. Nxf6+ {
(05:44)} Nxf6 {(00:10)} 19. Qd3 {(00:44)} Rcd8 {(
12:34)} 20. Rc1 {(02:07)} g6 {(02:03)} 21. d5 {(05:15)} e5
{(00:24)} 22. Qe3 {(00:40)} Nd7 {(03:58)} 23. b4 {(
00:53)} Rc8 {(03:56)} 24. h4 {(06:45)} Qd8 {(02:55)} 25.
h5 {(02:46)} b5 {(10:43)} 26. hxg6 {(00:54)} hxg6 {
(00:20)} 27. cxb5 {(00:10)} Rxc1 {(00:14)} 28. Bxc1 {
(01:30)} axb5 {(01:15)} 29. Nc3 {(00:07)} Qh4 {(03:
36)} 30. a3 {(03:21)} Rc8 {(00:26)} 31. Bd2 {(05:24)} Nf6
{(02:49)} 32. Qh3 {(06:01)} Qd4 {(02:36)} 33. Rd1 {
(00:45)} Qc4 {(04:24)} 34. Ba2 {(01:34)} Qd4 {(00:
55)} 35. Nxb5 {(03:24)} Qe4 {(05:13)} 36. Nc3 {(03:31)}
Qc2 {(00:20)} 37. Bb1 {(01:00)} Qb3 {(02:45)} 38. Qf3 {
(06:13)} Be7 {(01:28)} 39. Ne4 {(02:04)} Bxd5 {(06:
08)} 40. Nxf6+ {(00:00)} Bxf6 {(00:00)} 41. Qxb3 {(00:48)}
Bxb3 {(00:08)} 42. Rc1 {(00:10)} Ra8 {(02:02)} 43. b5 {
(05:24)} d5 {(03:18)} 44. b6 {(05:16)} Rb8 {(04:36]
} 45. Ba5 {(02:11)} e4 {(04:19)} 46. Bc2 {(03:44)} Bg5 {
(00:26)} 47. Bxb3 {(00:07)} Bxc1 {(00:05)} 48. Bxd5 {
(01:39)} Bxa3 {(02:49)} 49. Bxe4 {(02:18)} Kf8 {(
02:10)} 50. b7 {(01:04)} Bd6 {(00:43)} 1/2-1/2

[Event "42nd Olympiad Baku 2016 Women"]
[Site "Baku"]
[Date "2016.09.06"]
[Round "5.3"]
[White "Avalos, Leticia"]
[Black "Al-Mahmoud, Rola"]
[Result "1-0"]
[ECO "E76"]
[WhiteElo "1729"]
[BlackElo "1684"]
[Annotator ""]
[PlyCount "67"]
[EventDate "2016.??.??"]
[EventType "team-tourn"]
[EventCountry "AZE"]
[SourceTitle "playchess.com"]
[Source "ChessBase"]
[WhiteTeam "Paraguay"]
[BlackTeam "Syria"]
[WhiteTeamCountry "PAR"]
[BlackTeamCountry "SYR"]
[TimeControl "40/5400+30:1800+30"]

1. d4 {(00:00)} Nf6 {(00:00)} 2. c4 {(00:00)} g6 {(
00:00)} 3. Nc3 {(00:00)} Bg7 {(00:00)} 4. e4 {(00:00)} d6
{(00:00)} 5. f4 {(00:00)} O-O {(00:55)} 6. Nf3 {(
00:01)} Na6 {(05:38)} 7. Be2 {(00:34)} e5 {(01:31)} 8.
fxe5 {(10:26)} dxe5 {(01:42)} 9. d5 {(04:11)} Nc5 {
(01:05)} 10. Bg5 {(00:13)} a5 {(05:49)} 11. b3 {(
03:43)} h6 {(02:35)} 12. Bxf6 {(00:10)} Qxf6 {(03:15)} 13.
O-O {(00:44)} Qf4 {(09:34)} 14. Qc2 {(12:22)} f5 {(
08:27)} 15. Kh1 {(13:51)} Nxe4 {(14:41)} 16. Nxe4 {(07:23]
} fxe4 {(03:11)} 17. Nd2 {(01:48)} Qe3 {(02:30)} 18. Rxf8+
{(01:16)} Kxf8 {(05:50)} 19. Nxe4 {(01:31)} Bf5 {(
01:55)} 20. Rf1 {(02:31)} Ke7 {(07:02)} 21. Bf3 {(08:43)}
Rf8 {(01:57)} 22. Rd1 {(05:05)} Bxe4 {(04:33)} 23. Bxe4 {
(05:01)} Rf2 {(02:12)} 24. Qb1 {(00:11)} Qg5 {(01:
59)} 25. c5 {(04:37)} Rd2 {(02:45)} 26. Rf1 {(03:10)} Qg4
{(03:43)} 27. Bf3 {(00:39)} Qf5 {(01:17)} 28. Be4 {
(01:26)} Qg4 {(00:22)} 29. h3 {(01:06)} Qg3 {(00:
41)} 30. b4 {(00:50)} a4 {(02:31)} 31. b5 {(00:19)} a3 {
(01:08)} 32. c6 {(01:16)} b6 {(00:26)} 33. Qb4+ {(
00:10)} Ke8 {(02:07)} 34. Qxd2 {(00:15)} 1-0

[Event "42nd Olympiad Baku 2016 Women"]
[Site "Baku"]
[Date "2016.09.06"]
[Round "5.3"]
[White "Avramidou, Anastasia"]
[Black "Kolaric, Spela"]
[Result "1-0"]
[ECO "E06"]
[WhiteElo "2273"]
[BlackElo "2079"]
[Annotator ""]
[PlyCount "87"]
[EventDate "2016.??.??"]
[EventType "team-tourn"]
[EventCountry "AZE"]
[SourceTitle "playchess.com"]
[Source "ChessBase"]
[WhiteTeam "Greece"]
[BlackTeam "Slovenia"]
[WhiteTeamCountry "GRE"]
[BlackTeamCountry "SLO"]
[TimeControl "40/5400+30:1800+30"]

1. d4 {(00:00)} Nf6 {(00:00)} 2. c4 {(00:00)} e6 {(
00:06)} 3. g3 {(00:00)} d5 {(02:45)} 4. Bg2 {(00:00)} Be7
{(00:05)} 5. Nf3 {(00:19)} O-O {(00:07)} 6. Qc2 {(
02:33)} dxc4 {(05:05)} 7. Qxc4 {(00:13)} a6 {(02:24)} 8.
a4 {(01:23)} Bd7 {(04:25)} 9. Ne5 {(06:35)} Bc6 {(
06:35)} 10. Nxc6 {(00:40)} Nxc6 {(00:05)} 11. Bxc6 {(12:
08)} bxc6 {(00:05)} 12. Nc3 {(00:05)} Qd7 {(03:41)} 13.
O-O {(03:09)} Rfb8 {(04:19)} 14. Rd1 {(09:41)} Rb4 {
(05:34)} 15. Qd3 {(00:07)} a5 {(03:19)} 16. e3 {(
10:29)} c5 {(08:12)} 17. dxc5 {(19:15)} Qxd3 {(00:17)} 18.
Rxd3 {(00:05)} Bxc5 {(00:14)} 19. Nb5 {(00:05)} Nd5 {
(05:10)} 20. b3 {(07:42)} c6 {(05:28)} 21. Nd4 {(
00:11)} Rb6 {(05:43)} 22. Bd2 {(01:22)} Bxd4 {(12:21)} 23.
exd4 {(00:08)} Nb4 {(00:31)} 24. Rc3 {(03:25)} h6 {
(02:59)} 25. Rc5 {(04:02)} Raa6 {(03:01)} 26. Kf1 {
(04:00)} Kf8 {(01:58)} 27. Ke2 {(01:19)} Ke7 {(00:
14)} 28. Rac1 {(01:24)} Kd7 {(01:27)} 29. R1c3 {(00:44)}
Rb7 {(05:06)} 30. Rf3 {(03:31)} Ke7 {(00:33)} 31. h4 {
(05:53)} Rbb6 {(04:56)} 32. g4 {(01:27)} Rb7 {(02:
42)} 33. g5 {(02:01)} h5 {(01:25)} 34. g6 {(01:04)} f5 {
(01:56)} 35. Rg3 {(00:50)} Kd7 {(01:36)} 36. Rg5 {(
01:08)} Nd5 {(00:27)} 37. Rxh5 {(00:21)} Nf6 {(00:31)} 38.
Rh8 {(00:12)} Rxb3 {(00:38)} 39. h5 {(00:53)} Rab6 {
(01:28)} 40. h6 {(00:00)} gxh6 {(00:00)} 41. g7 {(
02:59)} Rb8 {(01:17)} 42. Rxa5 {(00:25)} c5 {(16:27)} 43.
Ra7+ {(02:52)} Kc6 {(00:29)} 44. Rf7 {(00:30)} 1-0

[Event "42nd Olympiad Baku 2016 Women"]
[Site "Baku"]
[Date "2016.09.06"]
[Round "5.23"]
[White "Azman Hisham, Nur Najiha"]
[Black "Boshra, Alshaeby"]
[Result "1-0"]
[ECO "A44"]
[WhiteElo "1973"]
[BlackElo "1983"]
[Annotator ""]
[PlyCount "75"]
[EventDate "2016.??.??"]
[EventType "team-tourn"]
[EventCountry "AZE"]
[SourceTitle "playchess.com"]
[Source "ChessBase"]
[WhiteTeam "Malaysia"]
[BlackTeam "Jordan"]
[WhiteTeamCountry "MAS"]
[BlackTeamCountry "JOR"]
[TimeControl "40/5400+30:1800+30"]

1. d4 {(00:00)} c5 {(00:00)} 2. d5 {(00:00)} e5 {(
00:00)} 3. c4 {(00:37)} d6 {(00:00)} 4. Nc3 {(01:50)} Be7
{(00:00)} 5. e4 {(04:29)} Nf6 {(00:12)} 6. g3 {(03:
45)} O-O {(00:06)} 7. Bg2 {(00:25)} Nbd7 {(00:04)} 8. Nge2
{(04:34)} Ne8 {(00:22)} 9. O-O {(00:27)} g6 {(00:
35)} 10. f4 {(16:46)} exf4 {(01:04)} 11. gxf4 {(07:20)}
Ng7 {(08:17)} 12. Ng3 {(02:24)} h5 {(32:57)} 13. Re1 {
(13:28)} Nb6 {(03:35)} 14. Qd3 {(01:05)} h4 {(03:
20)} 15. Nf1 {(01:41)} g5 {(20:25)} 16. e5 {(08:54)} Nf5 {
(04:21)} 17. Be4 {(08:07)} Nd4 {(01:01)} 18. Be3 {(
05:56)} gxf4 {(01:39)} 19. Bxd4 {(00:38)} cxd4 {(00:20)}
20. exd6 {(00:14)} Bxd6 {(04:32)} 21. Nb5 {(00:50)} Bc5 {
(02:33)} 22. Nd2 {(03:45)} Nd7 {(02:56)} 23. Nb3 {(
06:05)} f5 {(08:01)} 24. Bf3 {(00:14)} Qf6 {(00:50)} 25.
Nxc5 {(02:38)} Nxc5 {(00:08)} 26. Qxd4 {(00:08)} Qxd4+ {
(03:40)} 27. Nxd4 {(00:06)} Bd7 {(00:22)} 28. Rad1 {
(02:38)} Kf7 {(00:15)} 29. b4 {(00:14)} Rg8+ {(00:
11)} 30. Kf2 {(01:17)} Na6 {(01:07)} 31. a3 {(00:06)} Rac8
{(00:53)} 32. c5 {(00:22)} Ba4 {(00:46)} 33. Rd2 {(
00:15)} h3 {(00:45)} 34. Nxf5 {(00:45)} Kf6 {(00:45)} 35.
Ne7 {(00:11)} Nc7 {(00:46)} 36. Nxc8 {(00:26)} Rxc8 {
(00:09)} 37. d6 {(00:15)} Ne6 {(00:13)} 38. Rxe6+ 1-0

[Event "42nd Olympiad Baku 2016 Women"]
[Site "Baku"]
[Date "2016.09.06"]
[Round "5.25"]
[White "Bahji, Hind"]
[Black "Caxita, Esperanca"]
[Result "1/2-1/2"]
[ECO "D46"]
[WhiteElo "1948"]
[BlackElo "1871"]
[Annotator ""]
[PlyCount "108"]
[EventDate "2016.??.??"]
[EventType "team-tourn"]
[EventCountry "AZE"]
[SourceTitle "playchess.com"]
[Source "ChessBase"]
[WhiteTeam "Morocco"]
[BlackTeam "Angola"]
[WhiteTeamCountry "MAR"]
[BlackTeamCountry "ANG"]
[TimeControl "40/5400+30:1800+30"]

1. d4 {(00:00)} d5 {(00:00)} 2. c4 {(00:10)} c6 {(
00:00)} 3. Nc3 {(00:24)} Nf6 {(00:06)} 4. e3 {(00:52)} e6
{(00:22)} 5. Nf3 {(00:33)} Bd6 {(00:39)} 6. Bd3 {(
01:33)} Nbd7 {(00:31)} 7. Qc2 {(01:48)} h6 {(01:04)} 8.
O-O {(01:54)} O-O {(00:21)} 9. Rd1 {(06:17)} Re8 {(
01:48)} 10. h3 {(04:11)} a6 {(03:17)} 11. a4 {(13:38)} Bb8
{(02:41)} 12. cxd5 {(05:20)} exd5 {(00:29)} 13. b3 {
(13:06)} Qc7 {(02:06)} 14. Ba3 {(06:06)} Nf8 {(05:
04)} 15. Rac1 {(03:02)} Ne6 {(02:58)} 16. Ne2 {(04:11)}
Bd7 {(03:01)} 17. Ne5 {(03:13)} Ng5 {(06:52)} 18. Ng3 {
(05:06)} Qd8 {(03:18)} 19. f4 {(07:02)} Ngh7 {(01:
07)} 20. Nf5 {(08:15)} Bxf5 {(02:34)} 21. Bxf5 {(00:01)}
Nf8 {(00:27)} 22. b4 {(01:41)} N6d7 {(02:17)} 23. Qd3 {
(01:48)} h5 {(05:00)} 24. b5 {(01:57)} axb5 {(03:
15)} 25. axb5 {(01:19)} Nxe5 {(01:05)} 26. fxe5 {(00:20)}
Qc7 {(23:44)} 27. bxc6 {(01:07)} bxc6 {(01:38)} 28. Bd6 {
(01:02)} Qb7 {(00:37)} 29. Rb1 {(01:32)} Qa7 {(00:
31)} 30. Bc5 {(00:32)} Qc7 {(01:35)} 31. Qc2 {(01:05)} Ne6
{(01:01)} 32. Bd6 {(00:44)} Qd7 {(00:39)} 33. Bxe6 {
(00:41)} fxe6 {(00:36)} 34. Bxb8 {(01:15)} Rexb8 {(
00:35)} 35. Rxb8+ {(01:31)} Rxb8 {(00:11)} 36. Rb1 {(00:
09)} Rc8 {(02:25)} 37. Qg6 {(01:00)} Qf7 {(01:01)} 38.
Qxf7+ {(00:35)} Kxf7 {(00:02)} 39. Rc1 {(00:14)} Kg6 {
(00:34)} 40. Kf2 {(00:00)} Kf5 {(00:00)} 41. Kf3 {(
06:18)} h4 {(01:39)} 42. Rc2 {(05:57)} Rc7 {(00:27)} 43.
e4+ {(02:29)} dxe4+ {(01:36)} 44. Ke3 {(00:01)} c5 {
(05:05)} 45. Rf2+ {(00:34)} Kg5 {(00:20)} 46. dxc5 {
(01:37)} Rxc5 {(00:20)} 47. Kxe4 {(00:05)} Rc4+ {(
00:27)} 48. Ke3 {(00:16)} Rb4 {(01:23)} 49. Rf7 {(02:24)}
g6 {(03:21)} 50. Rf6 {(02:16)} Rb6 {(00:17)} 51. Rf2 {
(06:12)} Rb4 {(00:58)} 52. Rf6 {(00:18)} Rb6 {(00:
25)} 53. Rf2 {(00:33)} Rb4 {(01:40)} 54. Rf6 {(00:14)} Rb6
{(01:03)} 1/2-1/2

[Event "42nd Olympiad Baku 2016 Women"]
[Site "Baku"]
[Date "2016.09.06"]
[Round "5.22"]
[White "Bakalarz, Grazyna"]
[Black "Tsiganova, Monika"]
[Result "1/2-1/2"]
[ECO "E91"]
[WhiteElo "1953"]
[BlackElo "2095"]
[Annotator ""]
[PlyCount "63"]
[EventDate "2016.??.??"]
[EventType "team-tourn"]
[EventCountry "AZE"]
[SourceTitle "playchess.com"]
[Source "ChessBase"]
[WhiteTeam "Luxembourg"]
[BlackTeam "Estonia"]
[WhiteTeamCountry "LUX"]
[BlackTeamCountry "EST"]
[TimeControl "40/5400+30:1800+30"]

1. d4 {(00:00)} Nf6 {(00:00)} 2. Nf3 {(00:00)} g6 {
(00:02)} 3. c4 {(00:18)} Bg7 {(00:16)} 4. Nc3 {(00:
25)} O-O {(00:56)} 5. e4 {(02:34)} d6 {(00:10)} 6. Be2 {
(01:23)} Nbd7 {(00:08)} 7. O-O {(01:51)} e5 {(00:
19)} 8. Be3 {(01:59)} c6 {(01:23)} 9. d5 {(02:30)} c5 {
(03:23)} 10. Ne1 {(03:18)} Ne8 {(01:15)} 11. Nd3 {(
01:43)} f5 {(00:45)} 12. f4 {(05:27)} b6 {(02:13)} 13. Qd2
{(14:40)} a6 {(06:47)} 14. fxe5 {(17:21)} Nxe5 {(
10:17)} 15. Nxe5 {(02:58)} Bxe5 {(01:00)} 16. Bg5 {(02:20]
} Nf6 {(05:16)} 17. Bd3 {(07:57)} Bxc3 {(23:09)} 18. Qxc3
{(06:36)} Nxe4 {(05:12)} 19. Bxd8 {(01:22)} Nxc3 {(
00:09)} 20. Be7 {(01:16)} Re8 {(00:27)} 21. Bxd6 {(00:47)}
Re3 {(03:46)} 22. bxc3 {(03:24)} Rxd3 {(00:17)} 23. Rae1 {
(02:31)} Bd7 {(00:17)} 24. Re7 {(00:58)} Ba4 {(02:
11)} 25. Rfe1 {(05:37)} Rxc3 {(04:09)} 26. Be5 {(04:00)}
Rxc4 {(00:15)} 27. Rg7+ {(00:20)} Kf8 {(00:19)} 28. Rxh7 {
(01:08)} Re8 {(02:37)} 29. Rh8+ {(02:53)} Kf7 {(00:
08)} 30. Rh7+ {(00:11)} Kf8 {(00:13)} 31. Rh8+ {(00:08)}
Kf7 {(00:07)} 32. Rh7+ {(01:59)} 1/2-1/2

[Event "42nd Olympiad Baku 2016 Women"]
[Site "Baku"]
[Date "2016.09.06"]
[Round "5.29"]
[White "Baklanova, Tatiana"]
[Black "Heredia Serrano, Carla"]
[Result "0-1"]
[ECO "A22"]
[WhiteElo "2200"]
[BlackElo "2075"]
[Annotator ""]
[PlyCount "70"]
[EventDate "2016.??.??"]
[EventType "team-tourn"]
[EventCountry "AZE"]
[SourceTitle "playchess.com"]
[Source "ChessBase"]
[WhiteTeam "ICCD"]
[BlackTeam "ECU"]
[WhiteTeamCountry "UKR"]
[BlackTeamCountry "ECU"]
[TimeControl "40/5400+30:1800+30"]

1. c4 {(00:00)} e5 {(00:00)} 2. Nc3 {(00:00)} Nf6 {
(00:07)} 3. Nf3 {(00:00)} Nc6 {(00:31)} 4. e3 {(00:
00)} Bb4 {(02:28)} 5. Qc2 {(00:00)} O-O {(01:07)} 6. Nd5 {
(00:00)} a5 {(08:15)} 7. Bd3 {(01:48)} h6 {(01:25)}
8. O-O {(00:46)} d6 {(00:47)} 9. Nxf6+ {(07:01)} Qxf6 {
(00:03)} 10. Be4 {(00:03)} a4 {(20:12)} 11. h3 {(
19:39)} Bd7 {(16:11)} 12. Rd1 {(00:36)} Bc5 {(04:12)} 13.
a3 {(07:37)} Bb6 {(11:10)} 14. d3 {(12:50)} Na5 {(
01:31)} 15. Bd2 {(02:56)} Nb3 {(00:57)} 16. Rab1 {(03:50)}
Nc5 {(02:37)} 17. d4 {(10:08)} Nxe4 {(01:22)} 18. Qxe4 {
(00:29)} Bf5 {(01:44)} 19. dxe5 {(02:11)} Qg6 {(04:
54)} 20. Nh4 {(05:40)} Bxe4 {(00:21)} 21. Nxg6 {(00:05)}
Bxg6 {(00:16)} 22. Rbc1 {(00:03)} dxe5 {(01:31)} 23. c5 {
(03:20)} Ba5 {(00:51)} 24. Bxa5 {(01:11)} Rxa5 {(
00:01)} 25. Rd7 {(00:05)} Rc8 {(01:11)} 26. Rc4 {(01:22)}
Bf5 {(01:39)} 27. Rd2 {(00:13)} Be6 {(00:36)} 28. Rb4 {
(00:41)} Rxc5 {(02:27)} 29. Rxb7 {(00:10)} Rd5 {(
05:28)} 30. Rc2 {(00:30)} c5 {(00:26)} 31. Rb5 {(02:12)}
Rd1+ {(02:47)} 32. Kh2 {(00:03)} Bb3 {(00:07)} 33. Rcxc5 {
(01:26)} Rxc5 {(00:01)} 34. Rxc5 {(00:04)} Rd2 {(
01:14)} 35. Rxe5 {(00:14)} Rxf2 {(00:11)} 0-1

[Event "42nd Olympiad Baku 2016 Women"]
[Site "Baku"]
[Date "2016.09.06"]
[Round "5.5"]
[White "Baktach, Nesrine"]
[Black "Kigeni, Grace"]
[Result "0-1"]
[ECO "B23"]
[WhiteElo "1637"]
[BlackElo "1632"]
[Annotator ""]
[PlyCount "90"]
[EventDate "2016.??.??"]
[EventType "team-tourn"]
[EventCountry "AZE"]
[SourceTitle "playchess.com"]
[Source "ChessBase"]
[WhiteTeam "Tunisia"]
[BlackTeam "Uganda"]
[WhiteTeamCountry "TUN"]
[BlackTeamCountry "UGA"]
[TimeControl "40/5400+30:1800+30"]

1. e4 {(00:00)} c5 {(00:00)} 2. Nc3 {(00:00)} Nc6 {
(00:07)} 3. f4 {(00:00)} d6 {(00:42)} 4. Bb5 {(00:
36)} Bd7 {(02:03)} 5. Nf3 {(01:12)} g6 {(04:29)} 6. O-O {
(01:01)} Bg7 {(00:39)} 7. Kh1 {(01:12)} a6 {(00:47]
} 8. Bxc6 {(00:18)} Bxc6 {(00:19)} 9. d3 {(00:38)} Nf6 {
(02:47)} 10. Qe1 {(02:38)} e6 {(02:48)} 11. Bd2 {(
04:10)} O-O {(00:41)} 12. Qh4 {(02:49)} Nh5 {(07:34)} 13.
Qf2 {(04:52)} b5 {(11:52)} 14. Rab1 {(06:16)} b4 {(
06:29)} 15. Ne2 {(01:20)} Ba4 {(05:00)} 16. c3 {(07:07)}
Bc2 {(17:43)} 17. Rbe1 {(10:23)} Bxd3 {(03:59)} 18. e5 {
(03:49)} bxc3 {(10:42)} 19. bxc3 {(01:53)} Bh8 {(
03:41)} 20. Qe3 {(16:48)} Bc4 {(03:18)} 21. a3 {(03:19)}
Rc8 {(00:37)} 22. Ng5 {(01:42)} dxe5 {(02:57)} 23. fxe5 {
(05:11)} Bxe5 {(04:28)} 24. Qxe5 {(01:05)} Qxd2 {(
00:15)} 25. Ne4 {(01:47)} Qd5 {(02:19)} 26. Nf6+ {(06:37)}
Nxf6 {(00:14)} 27. Qxf6 {(00:09)} Qd8 {(01:38)} 28. Qf4 {
(02:34)} Bxe2 {(02:30)} 29. Rxe2 {(02:50)} Qa5 {(
00:24)} 30. Qc1 {(00:30)} Rcd8 {(00:40)} 31. Re3 {(01:42)}
c4 {(00:41)} 32. Re4 {(01:44)} Qc5 {(01:12)} 33. Rff4 {
(01:30)} Qh5 {(01:22)} 34. Rf1 {(02:26)} Rc8 {(00:
36)} 35. Rd4 {(01:30)} e5 {(00:25)} 36. Rd5 {(00:47)} f6 {
(00:18)} 37. Rd6 {(00:21)} f5 {(00:51)} 38. Rxa6 {(
00:50)} e4 {(00:28)} 39. Qe3 {(01:55)} Rfd8 {(00:15)} 40.
Ra7 {(00:00)} Rd1 {(00:00)} 41. Rg1 {(11:31)} Rxg1+ {
(00:53)} 42. Kxg1 {(00:24)} Qd1+ {(00:08)} 43. Kf2 {
(01:07)} Rd8 {(01:18)} 44. Qe1 {(06:56)} e3+ {(07:
10)} 45. Kf1 {(01:11)} Qd3+ {(02:20)} 0-1